 Dungeon Crawl Stone Soup version 0.17.0-24-gcfadda4 (webtiles) character file.

133 dysrexia the Digger (level 4, 0/27 HPs)
             Began as a High Elf Earth Elementalist on Nov 15, 2015.
             Succumbed to Terence's poison
             ... on level 2 of the Dungeon.
             The game lasted 00:10:31 (2119 turns).

dysrexia the Digger (High Elf Earth Elementalist)   Turns: 2119, Time: 00:10:32

Health: 0/27       AC:  2    Str:  7    XL:     4   Next: 94%
Magic:  5/10       EV: 13    Int: 19    God:
Gold:   41         SH:  0    Dex: 16    Spells: 2 memorised, 6 levels left

rFire  . . .     SeeInvis .     o - +0 dagger (venom)
rCold  . . .     Clarity  .     a - +0 robe
rNeg   . . .     SustAt   .     (no shield)
rPois  .         Gourm    .     (no helmet)
rElec  .         Spirit   .     (no cloak)
rCorr  .         Warding  .     (no gloves)
rMut   .         Stasis   .     (no boots)
MR     .....                    (no amulet)
Stlth  ++........               (no ring)
                                (no ring)

@: lethally poisoned (0 -> -33), very slightly contaminated, not resistant to
hostile enchantments, unstealthy
A: no striking features
a: no special abilities


You were on level 2 of the Dungeon.
You were not hungry.

You visited 1 branch of the dungeon, and saw 3 of its levels.

You collected 41 gold pieces.

Inventory:

Hand Weapons
 o - a +0 dagger of venom (weapon)
Missiles
 b - 38 stones (quivered)
Armour
 a - a +0 robe (worn)
Scrolls
 e - 3 scrolls of remove curse {unknown}
 i - 3 scrolls of identify {unknown}
 k - a scroll of enchant weapon {unknown}
 n - a scroll of immolation {unknown}
Potions
 h - 2 potions of might {unknown}
 j - 3 potions of heal wounds {unknown}
 l - a potion of curing {unknown}
Books
 c - a book of Geomancy

   Spells                             Type                      Level
   a - Sandblast                      Earth                        1
   b - Stoneskin                      Transmutation/Earth          2
   c - Passwall                       Transmutation/Earth          3
   d - Stone Arrow                    Conjuration/Earth            3
   e - Petrify                        Transmutation/Earth          4
   f - Lee's Rapid Deconstruction     Earth                        5
Comestibles
 d - a bread ration
 m - 6 chunks of flesh


   Skills:
 + Level 0.0 Short Blades
 - Level 2.1 Dodging
 - Level 2.1 Stealth
 + Level 3.8 Spellcasting
 * Level 0.2 Conjurations
   Level 1.1 Transmutations
 * Level 4.0 Earth Magic


You had 6 spell levels left.
You knew the following spells:

 Your Spells              Type           Power        Failure   Level  Hunger
a - Sandblast             Erth           ###...       2%          1    None
b - Stone Arrow           Conj/Erth      ##....       17%         3    ###....


Dungeon Overview and Level Annotations

Branches:
Dungeon (3/15)

Altars:
Ashenzari
Cheibriados
Nemelex Xobeh
Yredelemnul

Annotations:
D:2 1 runed door, Terence
D:3 Robin


Message History

Confirm with . or Enter, or press ? or * to list all spells.
Aiming: Sandblast
Press: ? - help, Shift-Dir - straight line, f/p - Terence
Aim: Terence, wielding a flail of venom and wearing a scale mail (almost dead)
The blast of sand hits Terence.
Terence is almost dead.
You feel sick. Terence hits you with a flail of venom.
You are lethally poisoned!
You feel sick.
There is a stone staircase leading up here.
You feel sick.
The teleport trap disappears.
The goblin disappears!
Terence hits you with a flail of venom.
* * * LOW HITPOINT WARNING * * *
You are more poisoned.
You climb upwards.
Level annotation: 1 runed door
* * * LOW HITPOINT WARNING * * *
You feel very sick.
There is a stone staircase leading down, spattered with blood here.
You die...

########## ##########
#........##### #........#
#.######.....# ##.######.# #.#
####.###.# #...#####.#
#.###.##.###.#
#......##.#####@##.#.....#.#
#...##.........>..###..#.#.#
##.######....##@##.#.#.#.#.#
#.######.....#........#.#.#####
#...........#######.........##.
#.########.## #.###.###.##. #.#
#.# #.# #.# #.##. #.# #.# ###
#.# #.# #.##. #.# ##'###.####.#
#.# #.##.


You could see Terence.

Vanquished Creatures
  A scorpion (D:1)
  An adder (D:2)
  2 oozes (D:1)
  2 worms (D:2)
  4 giant cockroaches
  10 goblins
  7 hobgoblins
  4 kobolds
  5 bats
  3 giant geckos
  5 giant newts
  10 jackals (D:1)
  2 jackal zombies (D:2)
  3 rats (D:1)
59 creatures vanquished.

Notes
Turn   | Place    | Note
--------------------------------------------------------------
     0 | D:1      | dysrexia the High Elf Earth Elementalist began the quest for the Orb.
     0 | D:1      | Reached XP level 1. HP: 11/11 MP: 4/4
   185 | D:1      | Reached XP level 2. HP: 15/17 MP: 2/6
   599 | D:1      | Reached skill level 3 in Earth Magic
   902 | D:1      | Reached XP level 3. HP: 16/21 MP: 6/8
   996 | D:1      | Noticed a scorpion
  1013 | D:1      | Killed a scorpion
  1013 | D:1      | Reached XP level 4. HP: 24/27 MP: 4/10
  1171 | D:2      | Found a shattered altar of Ashenzari.
  1246 | D:2      | Found a snail-covered altar of Cheibriados.
  1248 | D:2      | Found a sparkling altar of Nemelex Xobeh.
  1312 | D:2      | Learned a level 3 spell: Stone Arrow
  1435 | D:2      | Found a runed door.
  1435 | D:2      | Noticed a human
  1446 | D:2      | Found a basalt altar of Yredelemnul.
  1925 | D:1      | Reached skill level 4 in Earth Magic
  2000 | D:3      | Noticed Terence
  2102 | D:3      | Noticed Robin
  2119 | D:2      | Succumbed to Terence's poison

Action                   |  1- 3 |  4- 6 || total
-------------------------+-------+-------++-------
Melee: Unarmed           |    33 |       ||    33
       Dagger            |       |    10 ||    10
Throw: Stone             |       |     1 ||     1
 Cast: Sandblast         |    51 |    41 ||    92
  Use: Scroll            |       |     2 ||     2
  Eat: Chunk             |       |     4 ||     4
